AoeStats
← AjarFan

Lombardia

510245631Analyzed
3v3 RM · 2d ago on Sep 30, 2026· 61m 36s· 6 players
Game mode
Random Map
Map size
Normal (6 player)
Population
200
Speed
Normal
Resources
Standard
Victory
Conquest
Starting age
Dark Age
Ending age
Imperial Age
RankedLock teamsTeams togetherTeam positionsShared explorationLock speedFull tech treeHidden civsTurbo modeCheats
Victory
Defeat
🇲🇽 Vikings · Mexico
1240
+15
🇲🇽 Inca · Mexico
1210
+16
🇲🇽 Huns · Mexico
1178
+18
🇮🇳 Teutons · India
1256
-18
🇲🇽 Vietnamese · Mexico
1242
-17
🇧🇷 Dravidians · Brazil
1151
-14
AjarFan
8:17 Loom
10:47 Feudal Age
13:08 Double-Bit Axe
15:20 Forging
17:09 Bloodlines
20:10 Scale Barding Armor
24:04 Castle Age
25:34 Iron Casting
25:20 Chain Barding Armor
25:03 Husbandry
32:41 Bow Saw
32:51 Horse Collar
36:15 Wheelbarrow
35:42 Heavy Plow
36:32 Gold Mining
38:34 Hand Cart
39:28 Town Watch
45:49 Imperial Age
45:12 Gold Shaft Mining
45:17 Caravan
47:52 Two-Man Saw
46:56 Town Patrol
47:58 Blast Furnace
47:34 Plate Barding Armor
47:14 Cavalier
49:55 Conscription
50:01 Masonry
49:21 Paladin
59:31 Stone Mining
[QW] Chopinwaffles
7:46 Loom
10:12 Feudal Age
10:52 Double-Bit Axe
15:59 Fletching
22:04 Castle Age
22:12 Horse Collar
22:10 Crossbowman
24:38 Bow Saw
24:24 Town Watch
32:39 Gold Mining
36:26 Wheelbarrow
36:32 Padded Archer Armor
37:34 Bodkin Arrow
38:07 Thumb Ring
40:11 Ballistics
42:54 Imperial Age
43:25 Caravan
42:58 Arbalester
44:56 Chemistry
45:06 Leather Archer Armor
46:32 Scale Mail Armor
46:35 Squires
47:19 Elite Kamayuk
48:33 Chain Mail Armor
49:03 Forging
49:52 Heavy Plow
50:32 Fabric Shields
51:45 Ring Archer Armor
51:40 Hand Cart
53:13 Iron Casting
53:09 Plate Mail Armor
55:16 Elite Skirmisher
56:58 Blast Furnace
56:15 Masonry
57:11 Crop Rotation
57:19 Bracer
57:25 Arson
Landshark
6:21 Loom
9:03 Feudal Age
10:50 Double-Bit Axe
12:42 Town Watch
19:42 Castle Age
17:56 Gold Mining
17:48 Horse Collar
19:10 Forging
20:44 Bow Saw
21:36 Iron Casting
21:59 Squires
21:45 Arson
22:25 Heavy Plow
23:41 Scale Mail Armor
27:12 Chain Mail Armor
34:47 Imperial Age
33:12 Gold Shaft Mining
32:28 Stone Mining
34:08 Ballistics
36:00 Plate Mail Armor
36:30 Blast Furnace
39:28 Conscription
38:47 Sappers
39:44 Elite Varangian Guard
43:33 Crop Rotation
44:05 Two-Man Saw
43:28 Chieftains
44:24 Caravan
44:55 Coinage
44:28 Elite Berserk
47:11 Banking
49:17 Scale Barding Armor
49:04 Fletching
49:20 Onager
51:36 Capped Ram
52:24 Bodkin Arrow
53:31 Chemistry
52:12 Treadmill Crane
53:11 Siege Engineers
53:04 Murder Holes
54:08 Hoardings
53:59 Bracer
54:44 Siege Ram
56:10 Chain Barding Armor
55:32 Pikeman
57:09 Bogsveigar
Leetz
11:11 Feudal Age
9:29 Loom
11:14 Feudal Age
15:25 Double-Bit Axe
15:22 Horse Collar
17:45 Castle Age
16:10 Gold Mining
19:07 Fletching
19:20 Padded Archer Armor
19:43 Bow Saw
22:42 Wheelbarrow
24:57 Hand Cart
25:49 Ballistics
27:11 Elite Skirmisher
27:57 Thumb Ring
27:47 Town Watch
28:19 Bodkin Arrow
28:39 Leather Archer Armor
28:33 Heavy Plow
35:17 Forging
38:08 Imperial Age
41:16 Imperial Skirmisher
42:06 Bracer
44:07 Conscription
44:34 Ring Archer Armor
54:39 Pikeman
55:20 Squires
56:18 Halberdier
59:12 Chemistry
57:59 Elite Elephant Archer
58:56 Medical Corps
Manzanito
7:28 Loom
9:36 Feudal Age
10:43 Double-Bit Axe
24:50 Castle Age
23:27 Fletching
23:37 Padded Archer Armor
24:54 Crossbowman
24:58 Pikeman
26:18 Wheelbarrow
26:21 Thumb Ring
27:17 Bodkin Arrow
30:08 Bow Saw
32:59 Bloodlines
32:51 Husbandry
33:35 Scale Barding Armor
35:25 Chain Barding Armor
35:15 Forging
36:40 Leather Archer Armor
36:22 Gold Mining
39:21 Iron Casting
40:21 Hand Cart
44:14 Imperial Age
42:09 Chatras
45:08 Ballistics
44:18 Arbalester
45:06 Murder Holes
47:46 Light Cavalry
51:04 Chemistry
51:02 Bracer
54:41 Horse Collar
57:11 Onager
maniaaaaaac
7:35 Loom
11:04 Feudal Age
11:36 Double-Bit Axe
13:50 Bloodlines
13:47 Scale Barding Armor
13:52 Forging
13:39 Horse Collar
22:17 Castle Age
22:13 Gold Mining
23:43 Chain Barding Armor
30:06 Iron Casting
32:15 Bow Saw
35:52 Wheelbarrow
36:57 Stone Mining
37:08 Scale Mail Armor
39:32 Wheelbarrow
41:31 Imperial Age
40:05 Chain Mail Armor
42:12 Hand Cart
43:16 Blast Furnace
42:47 Plate Mail Armor
42:20 Squires
42:06 Cavalier
44:05 Stone Shaft Mining
44:35 Plate Barding Armor
44:58 Paladin
47:35 Plate Mail Armor
50:56 Conscription
54:45 Caravan
54:55 Heavy Plow
55:55 Two-Man Saw
54:28 Elite Teutonic Knight
Connection lost

Rejoining the realm…

Still unreachable

The connection could not be restored.

Session expired

The server has moved on; the page needs a fresh start.